 Dungeon Crawl Stone Soup version 0.24-a0-699-g5a66b1aa3b (webtiles) character file.

Game seed: 8037904333219302409, levelgen mode: deterministic

135 LabCoat the Chopper (level 5, -18/70 HPs)
             Began as a Hill Orc Fighter on Sept 29, 2019.
             Demolished by an ogre
             ... wielding a +0 giant spiked club
              (20 damage)
             ... on level 4 of the Dungeon.
             The game lasted 00:09:17 (2480 turns).

LabCoat the Chopper (Hill Orc Fighter)              Turns: 2480, Time: 00:09:18

Health: -18/70     AC:  7    Str: 25    XL:     5   Next: 18%
Magic:  5/5        EV:  7    Int:  8    God:
Gold:   74         SH: 10    Dex: 10    Spells: 4/4 levels left

rFire    . . .     SeeInvis .   a - +0 war axe
rCold    . . .     Gourm    .   c - +0 shield
rNeg     . . .     Faith    .   b - +0 scale mail
rPois    .         Spirit   .   (no helmet)
rElec    .         Reflect  .   (no cloak)
rCorr    .         Harm     .   (no gloves)
MR       .....                  (no boots)
Stlth    ..........             (no amulet)
HPRegen  0.21/turn              (no ring)
MPRegen  0.09/turn              (no ring)

@: berserking (expiring), very quick
A: no striking features
a: no special abilities


You were on level 4 of the Dungeon.
You were not hungry.

You visited 1 branch of the dungeon, and saw 4 of its levels.

You collected 74 gold pieces.

Inventory:

Hand Weapons
 a - a +0 war axe (weapon)
Missiles
 j - a curare-tipped dart (quivered)
 o - 5 datura-tipped darts
Armour
 b - a +0 scale mail (worn)
 c - a +0 shield (worn)
Jewellery
 r - an uncursed ring of stealth {unknown}
 u - an uncursed amulet of faith
 x - a +4 ring of protection {unknown}
Scrolls
 e - a scroll of remove curse
 g - 2 scrolls of teleportation
 p - a scroll of random uselessness {unknown}
 s - a scroll of fear {unknown}
 t - a scroll of fog {unknown}
 w - a scroll of magic mapping {unknown}
Potions
 d - a potion of might
 i - a potion of heal wounds
 l - a potion of brilliance {unknown}
 m - a potion of mutation {unknown}
 q - a potion of lignification {unknown}
Comestibles
 f - 5 rations
 h - 4 chunks of flesh


   Skills:
 + Level 4.3 Fighting
 * Level 5.0 Axes
 + Level 0.7 Throwing
 + Level 3.8 Armour
 + Level 3.9 Shields


You had 4 spell levels left.
You didn't know any spells.
Your spell library was empty.

Dungeon Overview and Level Annotations

Branches:
Dungeon (4/15)
 Temple: D:4-7

Altars:
Fedhas
Okawaru
Qazlal
Wu Jian


Message History

* * * LOW HITPOINT WARNING * * *
You completely miss the ogre.
The ogre is heavily wounded.
You closely miss the ogre.
The ogre is heavily wounded.
The ogre barely misses you.
You hit the ogre.
The ogre is severely wounded.
The ogre hits you with a +0 giant spiked club!
* * * LOW HITPOINT WARNING * * *
You are too berserk!
You hit the ogre.
The ogre is almost dead.
The ogre hits you but does no damage.
You barely miss the ogre.
The ogre is almost dead.
Your shield and scale mail prevent you from hitting the ogre.
The ogre is almost dead.
The ogre hits you with a +0 giant spiked club!!
You die...

#...... ###.....
...... #....# #
....+ #. ##...#
# #.##...###..#
####...<.......#
........#@###..#
......[รท#O.#
........##.#
........# ..
......(.# #.#
........# .#
.......## .#
####### .#


You could see an ogre.

Vanquished Creatures
  An orc priest (D:3)
  3 adders
  2 oozes
  2 worms
  A leopard gecko (D:2)
  6 orcs (D:3)
  A ball python (D:1)
  3 giant cockroaches
  3 goblins
  3 hobgoblins (D:1)
  7 jackals (D:3)
  3 kobolds
  A quokka (D:3)
  10 bats
  3 frilled lizards
  4 rats
53 creatures vanquished.

Vanquished Creatures (collateral kills)
  3 orcs (D:3)
  A jackal (D:3)
4 creatures vanquished.

Grand Total: 57 creatures vanquished

Notes
Turn   | Place    | Note
-------+----------+-------------------------------------------
     0 | D:1      | LabCoat the Hill Orc Fighter began the quest for the Orb.
     0 | D:1      | Reached XP level 1. HP: 19/19 MP: 1/1
   183 | D:1      | Reached skill level 3 in Axes
   183 | D:1      | Reached XP level 2. HP: 27/27 MP: 2/2
   869 | D:2      | Found a blossoming altar of Fedhas.
   871 | D:2      | Noticed an earth elemental
   894 | D:2      | Reached XP level 3. HP: 31/33 MP: 3/3
   996 | D:2      | Found an ornate altar of the Wu Jian Council.
  1221 | D:2      | Noticed a water elemental
  1224 | D:2      | Found a stormy altar of Qazlal.
  1225 | D:2      | Noticed a fire elemental
  1225 | D:2      | Noticed an air elemental
  1438 | D:3      | Reached skill level 4 in Axes
  1438 | D:3      | Reached XP level 4. HP: 40/40 MP: 4/4
  1889 | D:3      | Found an iron altar of Okawaru.
  1940 | D:3      | Reached XP level 5. HP: 47/47 MP: 5/5
  2202 | D:3      | Reached skill level 5 in Axes
  2468 | D:4      | Noticed an ogre
  2477 | D:4      | HP: 1/70 [ogre/+0 giant spiked club (11)]
  2480 | D:4      | Demolished by an ogre

Levels and vault maps discovered:
D:1:      lightli_arrival_statue_moat, layout_loops_ring, minmay_misc_feat_five,
          minmay_tree_intersection
D:2:      layout_basic, nicolae_qazlal_style_of_elements, old_standard_altar,
          fedhas_altar_3
D:3:      layout_basic, okawaru_ov_weapons_minmay, first_ration
D:4:      layout_basic, grunt_tough_drop

Skill      XL: |  1  2  3  4  5 |
---------------+----------------+-----
Axes           | 3 4 5 |  5.0
Fighting       | 4 |  4.3
Throwing       | |  0.7
Armour         | |  3.8
Shields        | |  3.9

Action                   |  1- 3 |  4- 6 || total
-------------------------+-------+-------++-------
Melee: War axe           |    89 |    81 ||   170
Throw: Dart              |    11 |    22 ||    33
  Use: Scroll            |     4 |     2 ||     6
       Potion            |       |     1 ||     1
  Eat: Chunk             |     2 |     3 ||     5
Armor: Scale mail        |    56 |    27 ||    83
Dodge: Dodged            |    36 |    18 ||    54
Block: Shield            |    60 |    51 ||   111

Table legend:
 A = Non-vault XP
 B = Vault XP
 C = Vault XP percentage of total XP
 D = Non-vault monster count
 E = Vault monster count
 F = Vault count percentage of total count
                 A         B        C        D         E       F
            +---------+---------+-------+---------+---------+-------
      Total |     194 |       0 |   0.0 |      57 |       0 |   0.0
            +---------+---------+-------+---------+---------+-------
        D:1 |      29 |       0 |   0.0 |      14 |       0 |   0.0
        D:2 |      43 |       0 |   0.0 |      14 |       0 |   0.0
        D:3 |     121 |       0 |   0.0 |      28 |       0 |   0.0
        D:4 |       1 |       0 |   0.0 |       1 |       0 |   0.0
            +---------+---------+-------+---------+---------+-------
